 Dungeon Crawl Stone Soup version 0.29.1-2-gbd0b4ee654 (webtiles) character file.

Game seed: 7607328001524757653

117 croobank the Conjurer (level 4, -4/30 HPs)
             Began as a Demonspawn Conjurer on Oct 28, 2022.
             Killed from afar by Ijyb (16 damage)
             ... with a bolt of acid
             ... on level 3 of the Dungeon.
             The game lasted 00:09:34 (2975 turns).

croobank the Conjurer (Demonspawn Conjurer)         Turns: 2975, Time: 00:09:35

Health: -4/30      AC:  3    Str:  7    XL:     4   Next: 71%
Magic:  1/8        EV: 12    Int: 22    God:
Gold:   112        SH:  0    Dex: 11    Spells: 2/8 levels left

rFire   . . .      SeeInvis .   d - staff of conjuration
rCold   . . .      Faith    .   (no shield)
rNeg    . . .      Spirit   .   a - +0 robe
rPois   .          Reflect  .   k - +0 helmet
rElec   .          Harm     .   (no cloak)
rCorr   .          Rampage  .   (no gloves)
Will    .....                   (no boots)
Stlth   ++........              (no amulet)
HPRegen 0.10/turn               (no ring)
MPRegen 0.22/turn               (no ring)

@: no status effects
A: hooves 1, magic regeneration
a: no special abilities


You were on level 3 of the Dungeon.
You visited 1 branch of the dungeon, and saw 3 of its levels.

You collected 112 gold pieces.

Inventory:

Hand Weapons
 b - a +2 vorpal sling
 c - a +1 dagger of freezing
 j - a +4 club
 o - a +2 dagger of venom
Missiles
 m - 5 boomerangs
Armour
 a - a +0 robe (worn)
 k - a +0 helmet (worn)
Magical Staves
 d - a staff of conjuration (weapon)
Jewellery
 g - a +6 ring of strength
Scrolls
 e - a scroll of magic mapping
 f - a scroll of fog
 h - a scroll of identify
 l - 2 scrolls of enchant armour {unknown}
 n - a scroll of amnesia {unknown}
Potions
 i - 5 potions of flight


   Skills:
 + Level 0.1 Fighting
 + Level 2.7 Dodging
 + Level 2.8 Stealth
 + Level 2.8 Spellcasting
 + Level 4.6 Conjurations


You had 2 spell levels left.
You knew the following spells:

 Your Spells              Type           Power      Damage    Failure   Level
a - Magic Dart            Conj           100%       1d8       1%          1
b - Searing Ray           Conj           70%        2d7       3%          2
c - Dazzling Flash        Conj/Hex       38%        N/A       14%         3

Your spell library contained the following spells:

 Spells                   Type           Power      Damage    Failure   Level
 Inner Flame              Hex/Fire       3%         N/A       36%         3
 Fulminant Prism          Conj/Hex       9%         3d7       43%         4
 Iskenderun's Mystic Bla  Conj/Tloc      19%        2d6       43%         4
 Cause Fear               Hex            1%         N/A       77%         4
 Discord                  Hex            1%         N/A       100%        8


Dungeon Overview and Level Annotations

Branches:
Dungeon (3/15)

Altars:

Annotations:
D:3 1 runed translucent door, Crazy Yiuf, Ijyb


Innate Abilities, Weirdness & Mutations

You have large cloven feet.
You regenerate magic rapidly.


Message History

Aiming: Searing Ray (safe; 3% risk of failure)
Press: ? - help, Shift-Dir - straight line, f/p - Ijyb
Aim: Ijyb, wielding a +1 spectral club, wearing a +0 ring mail and carrying a wand of acid (4) (lightly wounded, 78% to hit)
You feel a surge of power!
The searing ray hits Ijyb but does no damage.
Ijyb is lightly wounded. (Press . to maintain the ray.)
The searing ray hits Ijyb.
Ijyb is moderately wounded.
The searing ray hits Ijyb!
Ijyb is heavily wounded.
Ijyb closely misses you.
The searing ray hits Ijyb!
Ijyb is almost dead.
You finish channelling your searing ray.
Ijyb hits you with a +1 spectral club.
You closely miss Ijyb. Your kick misses Ijyb.
Ijyb is almost dead.
Ijyb closely misses you.
Casting: Searing Ray (safe; 3% risk of failure)
Confirm with . or Enter, or press ? or * to list all spells.
Aiming: Magic Dart (safe; 1% risk of failure)
Press: ? - help, Shift-Dir - straight line, f/p - Ijyb
Aim: Ijyb, wielding a +1 spectral club, wearing a +0 ring mail and carrying a wand of acid (4) (almost dead, 100% to hit)
You feel a surge of power!
The magic dart hits Ijyb but does no damage.
Ijyb is almost dead.
Ijyb zaps a wand.
The bolt of acid misses you.
You barely miss Ijyb. Your kick misses Ijyb.
Ijyb is almost dead.
Ijyb zaps a wand.
The bolt of acid hits you!
You closely miss Ijyb. You kick Ijyb, but do no damage.
Ijyb is almost dead.
Ijyb barely misses you.
You closely miss Ijyb.
Ijyb is almost dead.
Ijyb zaps a wand.
The bolt of acid hits you!
Ijyb zaps a wand.
The bolt of acid hits you!
Ouch! That really hurt!
You die...

***,***** #.# #...#
**,,,,,,* #.# #...#
,*,,***,* ####.#### #.###
,*,,***,**#.......# #.###
,,,,,,,........##.#####.#.##
,,,,***.###.##...........#.#
#### **,****,*
#.*#.##.#####.#.####...
*,,,,,,* #.##.##.#
#.#........ ********
#.....@.# #.####.#...
#######g# #.# #)#... #.#
#.## #.#... #.# #..# #.....
#.# ###.#####... #.#
#.....##..#. #.#
#.....#...#. *.#
#.......#### *,*
#.....#...#.


You could see Ijyb.

Vanquished Creatures
  Robin (D:1)
  3 adders
  4 dart slugs
  An orc (D:3)
  5 endoplasms
  2 giant cockroaches
  15 goblins
  7 hobgoblins
  6 jackals (D:1)
  A quokka (D:1)
  2 ball pythons
  6 bats
  3 frilled lizards
  8 rats
64 creatures vanquished.

Notes
Turn   | Place    | Note
-------+----------+-------------------------------------------
     0 | D:1      | croobank the Demonspawn Conjurer began the quest for the
                  | Orb.
     0 | D:1      | Reached XP level 1. HP: 13/13 MP: 3/3
   417 | D:1      | Discovered your monstrous ancestry.
   417 | D:1      | Gained mutation: You have large cloven feet. [demonic
                  | ancestry]
   417 | D:1      | Reached XP level 2. HP: 12/19 MP: 0/5
   892 | D:1      | Found a faded altar of an unknown god.
   905 | D:1      | Learned a level 2 spell: Searing Ray
  1128 | D:2      | Identified the +2 pair of boots "Bapit" {rC+ Dex+5}
  1206 | D:2      | Reached XP level 3. HP: 24/24 MP: 0/6
  1266 | D:2      | Learned a level 3 spell: Dazzling Flash
  1685 | D:2      | Noticed Robin
  1762 | D:1      | Killed Robin
  1763 | D:1      | Gained mutation: You regenerate magic rapidly. [demonic
                  | ancestry]
  1763 | D:1      | Reached XP level 4. HP: 13/30 MP: 0/7
  2479 | D:3      | Found a runed translucent door.
  2480 | D:3      | Noticed Crazy Yiuf
  2545 | D:3      | Identified a scroll of acquirement
  2545 | D:3      | Acquired a staff of conjuration
  2962 | D:3      | Noticed Ijyb
  2975 | D:3      | Killed from afar by Ijyb

Illustrated notes

Levels and vault maps discovered:
D:1:      mushboom_english_gardens, layout_basic,
          dreamdust_ecumenical_altar_statues
D:2:      layout_basic, uniq_robin
D:3:      layout_loops_cross, gammafunk_temple_overflow_elements, uniq_ijyb,
          uniq_crazy_yiuf_cottage

Skill      XL: |  1 |
---------------+----+-----
Stealth        | 2 |  2.8
Dodging        | 2 |  2.7
Fighting       | |  0.1
Spellcasting   | |  2.8
Conjurations   | |  4.6

Action                   |  1- 3 |  4- 6 || total
-------------------------+-------+-------++-------
Melee: Unarmed           |    14 |       ||    14
       Dagger            |    17 |     8 ||    25
       Kick              |     1 |     4 ||     5
       Club              |       |    10 ||    10
       Staff             |       |     7 ||     7
 Cast: Magic Dart        |    83 |    37 ||   120
       Searing Ray       |       |     1 ||     1
  Use: Potion            |     3 |       ||     3
       Scroll            |       |     5 ||     5
 Stab: Sleeping          |       |     1 ||     1
Armor: Robe              |     8 |     5 ||    13
Dodge: Dodged            |    46 |    29 ||    75
